 Dungeon Crawl Stone Soup version 0.22.1-2-g9c5b331 (webtiles) character file.

5492 spiff the Grappler (level 10, 0/151 (153) HPs)
             Began as a Troll Warper on Nov 27, 2018.
             Was an Initiate of Ru.
             Succumbed to a killer bee's poison
             ... on level 8 of the Dungeon.
             The game lasted 00:16:51 (6518 turns).

spiff the Grappler (Troll Warper)                   Turns: 6518, Time: 00:16:52

HP:   0/151 (153)   AC:  7    Str: 30    XL:     10   Next: 42%
MP:   10/10         EV: 11    Int: 11    God:    Ru [......]
Gold: 503           SH:  0    Dex:  9    Spells: 11/11 levels left

rFire    . . .     SeeInvis .     - Unarmed
rCold    . . .     Gourm    +   (no shield)
rNeg     + . .     Faith    .   a - +0 robe
rPois    .         Spirit   .   (helmet restricted)
rElec    .         Reflect  .   u - +1 cloak
rCorr    .         Harm     .   (gloves unavailable)
MR       .....                  (boots unavailable)
Stlth    ..........             p - amulet of rage
HPRegen  0.75/turn              n - ring of positive energy (curse)
MPRegen  0.12/turn              v - +3 ring of strength

@: berserking (expiring), lethally poisoned (0 -> -23), very quick
A: large, unfitting armour, claws 3, fast metabolism 3, gourmand, regeneration
1, shaggy fur 1, tough skin 2
a: Renounce Religion, Evoke Berserk Rage


You were on level 8 of the Dungeon.
You worshipped Ru.
Ru was noncommittal.
You were very full.

You visited 2 branches of the dungeon, and saw 9 of its levels.

You collected 503 gold pieces.

Inventory:

Missiles
 d - 5 tomahawks of dispersal (quivered)
 k - 20 tomahawks
 m - 43 poisoned needles
Armour
 a - a +0 robe (worn)
 s - a scarf of cloud immunity
 u - a +1 cloak (worn)
Jewellery
 e - an uncursed ring of protection from fire
 h - a +1 ring of protection
 n - a cursed ring of positive energy (left claw)
 o - an uncursed ring of protection from fire
 p - an amulet of rage (around neck)
 v - a +3 ring of strength (right claw)
 E - an uncursed amulet of the acrobat
 F - a +3 ring of dexterity
Wands
 t - a wand of enslavement (15)
 A - a wand of iceblast (10)
Scrolls
 c - 2 scrolls of blinking
 i - a scroll of magic mapping {unknown}
 l - 2 scrolls of enchant armour
 q - 2 scrolls of remove curse
 y - 3 scrolls of immolation
 z - 2 scrolls of teleportation
 D - 3 scrolls of enchant weapon
Potions
 b - 3 potions of brilliance
 g - a potion of magic
 j - 2 potions of curing
 r - a potion of might {unknown}
 w - 2 potions of invisibility
 x - 2 potions of heal wounds
 B - a potion of agility
Comestibles
 f - 13 rations
 C - a chunk of flesh


   Skills:
 + Level 7.2 Fighting
 - Level 0.8 Throwing
 - Level 5.1 Dodging
 * Level 11.8 Unarmed Combat
 - Level 1.2 Spellcasting
   Level 2.1 Translocations


You had 11 spell levels left.
You didn't know any spells.
Your spell library contained the following spells:

 Spells                   Type           Power        Failure   Level  Hunger
 Blink                    Tloc           N/A          19%         2    ###....
 Shroud of Golubria       Chrm/Tloc      #.........   30%         2    ###....
 Flame Tongue             Conj/Fire      #....        32%         1    ##.....
 Infusion                 Chrm           #...         32%         1    ##.....
 Gell's Gravitas          Tloc           #.........   36%         3    ####...
 Lesser Beckoning         Tloc           #.........   36%         3    ####...
 Teleport Other           Tloc           #.......     36%         3    ####...
 Song of Slaying          Chrm           #.......     43%         2    ###....
 Throw Flame              Conj/Fire      #.....       43%         2    ###....
 Conjure Flame            Conj/Fire      #.......     67%         3    ####...
 Inner Flame              Hex/Fire       #.......     67%         3    ####...
 Regeneration             Chrm/Necr      #.........   67%         3    ####...
 Spectral Weapon          Hex/Chrm       #.......     67%         3    ####...
 Passage of Golubria      Tloc           N/A          77%         4    #####..
 Sticky Flame             Conj/Fire      #.......     97%         4    #####..
 Fireball                 Conj/Fire      #.........   100%        5    ######.


Dungeon Overview and Level Annotations

Branches:
Dungeon (8/15)             Temple (1/1) D:7
   Lair: D:8-11

Altars:
Ashenzari
Dithmenos
Elyvilon
Fedhas
Gozag
Hepliaklqana
Kikubaaqudgha
Makhleb
Nemelex Xobeh
Okawaru
Qazlal
Ru
Sif Muna
Trog
Uskayaw
Vehumet
Wu Jian
Xom
Yredelemnul
Zin
The Shining One

Shops:
D:5 ?


Innate Abilities, Weirdness & Mutations

You are too large for most types of armour.
You have claws for hands.
Your metabolism is lightning-fast.
You like to eat raw meat.
Your natural rate of healing is unusually fast.
You are covered in fur. (AC +1)
You have very tough skin. (AC +2)


Message History

The lava snake is almost dead.
* * * LOW HITPOINT WARNING * * *
You feel sick. The orc misses you.
You miss the lava snake.
The lava snake is almost dead.
* * * LOW HITPOINT WARNING * * *
You feel sick. The lava snake bites you.
* * * LOW HITPOINT WARNING * * *
You are engulfed in flames.
* * * LOW HITPOINT WARNING * * *
You mangle the orc!!
You kill the orc!
* * * LOW HITPOINT WARNING * * *
You feel sick.
The lava snake bites you but does no damage.
You claw the lava snake!
You kill the lava snake!
* * * LOW HITPOINT WARNING * * *
You feel sick.
You die...

#.##########.).[(###
##........ ..# ##.###..#
#......... ###
###.####''#### #......... #
###..##≈≈§..≈≈≈###.........
#
#...##≈§≈§§§§§§§##.........
##
##.###≈§§≈≈.§§≈§§§##########
.### #.<##§§≈≈§§§.≈≈≈≈§≈
#.......
...###.##≈§≈≈≈≈≈..§§§≈§≈
##...... .......#
§§§≈≈≈≈@)≈§§≈§§ #....(.
##.....# ≈§§≈≈≈≈..§≈≈§≈≈
#...... #.....#
≈≈§≈≈≈#!)#≈≈≈≈≈ #......
#..#### §§§§≈S.##.≈≈≈≈≈
#...... ##..####
≈§§§≈≈.##.≈≈≈≈≈ #......
.......# ≈§§≈§≈#..#≈≈≈§≈
#...... ....####
≈§§≈≈≈§..≈≈≈≈≈≈ #..)...
###.## §§≈≈≈§..≈≈≈≈≈≈
###)### #..## ##.#


You could see a lava snake.

Vanquished Creatures
  A centaur warrior (D:8)
  Pikel (D:5)
  An ugly thing (D:7)
  The ghost of RoboWizard the Cudgeler, an amateur MiBe of Trog (D:8)
  The ghost of Paps the Chopper, an amateur DsFi of Gozag (D:2)
  A hippogriff (D:8)
  A water moccasin (D:8)
  3 ice beasts
  3 slaves
  A necrophage (D:7)
  An orc warrior (D:6)
  6 ogres
  The ghost of Wheel the Poker, an amateur MfGl (D:2)
  3 centaurs
  2 bullfrogs (D:8)
  A wyvern skeleton (D:6)
  2 scorpions
  4 killer bees (D:8)
  The ghost of Wheel the Poker, a weakling MfGl (D:3)
  5 wights (D:8)
  A howler monkey (D:5)
  A crimson imp (D:6)
  2 lava snakes (D:8)
  2 bullfrog zombies
  2 quasits
  A hound (D:8)
  3 jellies
  7 orc priests
  5 orc wizards
  2 iguanas (D:6)
  3 bullfrog skeletons (D:5)
  3 worker ants
  A killer bee zombie (D:6)
  A hound zombie (D:7)
  2 hound skeletons (D:4)
  15 adders
  3 shadow imps
  3 oozes
  2 adder zombies (D:5)
  An adder skeleton (D:6)
  6 worms
  A dart slug (D:1)
  10 leopard geckos
  37 orcs
  7 bats
  5 giant cockroaches
  7 goblins
  7 hobgoblins
  13 jackals
  5 quokkas
  3 ball pythons
  4 frilled lizards
  2 kobolds (D:2)
  A quokka skeleton (D:3)
  5 rats
213 creatures vanquished.

Vanquished Creatures (others)
  An orc (D:3)
  2 withered plants (D:3)
3 creatures vanquished.

Grand Total: 216 creatures vanquished

Notes
Turn   | Place    | Note
-------+----------+-------------------------------------------
     0 | D:1      | spiff the Troll Warper began the quest for the Orb.
     0 | D:1      | Reached XP level 1. HP: 19/19 MP: 1/1
   197 | D:1      | Reached XP level 2. HP: 20/28 MP: 2/2
   388 | D:1      | Reached skill level 3 in Unarmed Combat
   401 | D:1      | Reached XP level 3. HP: 35/35 MP: 3/3
   748 | D:2      | Reached XP level 4. HP: 44/44 MP: 4/4
  1083 | D:3      | Reached skill level 4 in Unarmed Combat
  1280 | D:3      | Reached XP level 5. HP: 50/50 MP: 5/5
  1447 | D:3      | Reached skill level 5 in Unarmed Combat
  1629 | D:3      | Found a glowing golden altar of the Shining One.
  1634 | D:3      | Noticed an angel
  1639 | D:3      | Found a basalt altar of Yredelemnul.
  1641 | D:3      | Noticed a profane servitor
  1723 | D:3      | Found a runed gate.
  1723 | D:3      | Found a runed gate.
  1723 | D:3      | Found a runed gate.
  1724 | D:3      | Noticed Wheel's ghost (weakling MfGl)
  1724 | D:3      | Noticed Paps's ghost (amateur DsFi)
  1724 | D:3      | Noticed Wheel's ghost (amateur MfGl)
  2136 | D:2      | Killed Paps's ghost
  2136 | D:2      | Reached skill level 6 in Unarmed Combat
  2136 | D:2      | Reached XP level 6. HP: 58/61 MP: 6/6
  2213 | D:2      | Killed Wheel's ghost
  2213 | D:2      | Reached XP level 7. HP: 43/68 MP: 7/7
  2389 | D:3      | Killed Wheel's ghost
  2679 | D:4      | Reached skill level 7 in Unarmed Combat
  3140 | D:4      | Found a radiant altar of Vehumet.
  3232 | D:5      | Entered Level 5 of the Dungeon
  3333 | D:5      | Found Cotoept's Magic Scroll Boutique.
  3416 | D:4      | Reached XP level 8. HP: 79/79 MP: 8/8
  3433 | D:5      | Noticed Pikel
  3554 | D:5      | Reached skill level 8 in Unarmed Combat
  3861 | D:5      | Reached skill level 5 in Fighting
  3922 | D:5      | Killed Pikel
  3922 | D:5      | Reached skill level 9 in Unarmed Combat
  3970 | D:5      | Found a deep blue altar of Sif Muna.
  3971 | D:5      | Found a glowing silver altar of Zin.
  4183 | D:6      | Found a hazy altar of Hepliaklqana.
  4321 | D:6      | Reached XP level 9. HP: 71/88 MP: 9/9
  5147 | D:7      | Found a staircase to the Ecumenical Temple.
  5157 | Temple   | Entered the Ecumenical Temple
  5343 | Temple   | Became a worshipper of Ru the Awakened
  5513 | D:7      | Reached skill level 10 in Unarmed Combat
  5729 | D:8      | Noticed a green ugly thing
  5913 | D:7      | Killed a green ugly thing
  5913 | D:7      | Reached skill level 5 in Dodging
  6028 | D:8      | Found an iron altar of Okawaru.
  6030 | D:8      | Found a bloodstained altar of Trog.
  6030 | D:8      | Found a stormy altar of Qazlal.
  6031 | D:8      | Found an ancient bone altar of Kikubaaqudgha.
  6143 | D:8      | Reached XP level 10. HP: 80/99 MP: 10/10
  6158 | D:8      | Found a runed door.
  6158 | D:8      | Noticed RoboWizard's ghost (amateur MiBe)
  6242 | D:8      | Killed RoboWizard's ghost
  6242 | D:8      | Reached skill level 11 in Unarmed Combat
  6492 | D:8      | Noticed a centaur warrior
  6500 | D:8      | Killed a centaur warrior
  6515 | D:8      | HP: 4/151 [lava snake (5)]
  6517 | D:8      | HP: 1/151 [poisoned by a killer bee]
  6518 | D:8      | Succumbed to a killer bee's poison

Skill      XL: |  1  2  3  4  5  6  7  8  9 10 |
---------------+-------------------------------+-----
Fighting       | 2 3 4 5 6 7 |  7.2
Unarmed Combat | 3 4 6 7 9 10 11 | 11.8
Dodging        | 2 3 5 |  5.1
Throwing       | |  0.8
Spellcasting   | |  1.2
Translocations | |  2.1

Action                   |  1- 3 |  4- 6 |  7- 9 | 10-12 || total
-------------------------+-------+-------+-------+-------++-------
Melee: Unarmed           |    94 |   158 |   372 |    65 ||   689
       Punch             |     1 |     4 |    13 |     1 ||    19
 Abil: Evoke Berserk Rag |       |     1 |     6 |     2 ||     9
  Use: Scroll            |       |    10 |     5 |       ||    15
 Stab: Sleeping          |     1 |       |       |       ||     1
  Eat: Chunk             |    12 |    11 |    43 |     7 ||    73
Armor: Robe              |    35 |    60 |   128 |    23 ||   246
Dodge: Dodged            |    44 |    99 |   228 |    39 ||   410
